 Dungeon Crawl Stone Soup version 0.31.0-12-g77e489cdc1 (webtiles) character file.

Game seed: 1456467449958147573

74 Gadfly the Trooper (level 4, 35/35 HPs)
             Began as a Demonspawn Monk on Feb 23, 2024.
             Quit the game on level 3 of the Dungeon.
             The game lasted 00:01:58 (804 turns).

Gadfly the Trooper (Demonspawn Monk)                 Turns: 804, Time: 00:01:58

Health: 35/35      AC:  3    Str: 13    XL:     4   Next: 10%
Magic:  4/4        EV: 15    Int: 10    God:
Gold:   54         SH:  0    Dex: 20    Spells: 3/3 levels left

rFire   + . .        d - +2 hand axe of Sulphur {freeze, ^Fragile rPois Dex+4}
rCold   . . .        c - orb {light}
rNeg    . . .        a - +0 robe
rPois   +            g - +0 helmet
rElec   .            (no cloak)
rCorr   .            (no gloves)
SInv    .            (no boots)
Will    .....        (no amulet)
Stlth   +            f - ring of poison resistance
HPRegen 0.25/turn    k - ring of protection from fire
MPRegen 0.09/turn

%: no passive effects
@: glowing
A: repulsion field 1, demonic magic 1, weakness stinger 1
a: no special abilities


You were on level 3 of the Dungeon.
You visited 1 branch of the dungeon, and saw 3 of its levels.

You collected 54 gold pieces.

Inventory:

Hand Weapons
 d - the +2 hand axe of Sulphur (weapon) {freeze, ^Fragile rPois Dex+4}
   (You found it on level 2 of the Dungeon)

   Dex+4:     It affects your dexterity (+4).
   rPois:     It protects you from poison ^Fragile: It will be destroyed if
   unequipped.
Armour
 a - a +0 robe (worn)
 c - an orb of light (worn)
 g - a +0 helmet (worn)
Jewellery
 f - a ring of poison resistance (left hand)
 k - a ring of protection from fire (right hand)
Talismans
 m - a beast talisman
Scrolls
 h - a scroll of identify
 j - a scroll of acquirement {unknown}
 l - a scroll of fear {unknown}
Potions
 b - 2 potions of ambrosia
 e - a potion of curing
 i - a potion of berserk rage


   Skills:
 - Level 3.0 Fighting
 + Level 3.0 Dodging
 + Level 3.0 Unarmed Combat
 * Level 2.0 Evocations
 * Level 1.6 Shapeshifting


You had 3 spell levels left.
You didn't know any spells.
Your spell library contained the following spells:

 Spells                   Type           Power      Damage    Failure   Level
 Slow                     Hex            0%         N/A       36%         1
 Confusing Touch          Hex            0%         N/A       75%         3
 Dazzling Flash           Conj/Hex       0%         N/A       75%         3
 Sigil of Binding         Hex            0%         N/A       75%         3
 Vampiric Draining        Necr           0%         2d6       75%         3
 Volatile Blastmotes      Fire/Tloc      0%         2d10      75%         3
 Starburst                Conj/Fire      0%         6d3       100%        6
 Maxwell's Capacitive Co  Air            0%         ∞         100%        8


Dungeon Overview and Level Annotations

Branches:
Dungeon (3/15)

Altars:


Innate Abilities, Weirdness & Mutations

You are surrounded by a mild repulsion field. (EV +2)
Spells you cast may paralyse adjacent enemies.
You have a small tail.


Message History

No target in view!
No target in view!
j - a scroll labelled OMEMEJAZICW A ball python comes into view.
The ball python hisses angrily.
A ball python is nearby!
A ball python is nearby!
You hit the ball python.
The ball python seems to slow down.
You freeze the ball python.
You kill the ball python!
Found a robe.
Found 2 atropa-tipped darts.
Found a leather armour.
You see here a +0 leather armour.
You see here 2 atropa-tipped darts.
Found a ring mail.
No target in view!
No target in view!
You see here a +0 ring mail.
l - a scroll labelled JIT GUCLOSO;
m - a beast talisman
Found a stone staircase leading up.
You pick up a book of Spectacle and begin reading...
You add the spells Volatile Blastmotes, Dazzling Flash, Starburst and Maxwell's Capacitive Coupling to your library.
No target in view!
An adder comes into view.
An adder is nearby!
An adder is nearby!
An adder is nearby!
The adder hisses angrily.
The adder barely misses you.
You hit the adder. You freeze the adder. You tail-slap the adder.
The adder is almost dead.
The adder misses you.
You hit the adder. You freeze the adder.
You kill the adder!
Your Evocations skill increases to level 2!
You have reached level 4!
You feel agile.
Your demonic ancestry asserts itself...
A menacing aura infuses your magic.
Are you sure you want to abandon this character and quit the game? (Confirm with "yes".)

. . ## .##### #
#.# ###....##.#
#.# #.......#.#
..###.#.......#
#.#..........#
#.##.......# #.#
#@###.....##
#.#.# #.#
##...### #.#.#
#.# ##.#......
#.#.# #.#
#.#.####. #.#.#
#.#####.#.##
#.#.#
#..........# .
#####.#.#
######.....###..<
........#
#............
#####...#
####..###....


There were no monsters in sight!

Vanquished Creatures
  4 adders
  A dart slug (D:1)
  3 endoplasms
  A giant cockroach (D:2)
  3 goblins
  A hobgoblin (D:2)
  9 jackals
  A kobold (D:1)
  A quokka (D:2)
  4 ball pythons
  2 bats (D:2)
  3 frilled lizards
  A rat (D:2)
34 creatures vanquished.

Notes
Turn   | Place    | Note
-------+----------+-------------------------------------------
     0 | D:1      | Gadfly the Demonspawn Monk began the quest for the Orb.
     0 | D:1      | Reached XP level 1. HP: 18/18 MP: 1/1
    83 | D:1      | You fall into a shaft and drop 1 floor!
   102 | D:2      | Identified the +2 hand axe of Sulphur {freeze, ^Fragile
                  | rPois Dex+4}
   116 | D:2      | Gained mutation: You are surrounded by a mild repulsion
                  | field. (EV +2) [demonic ancestry]
   116 | D:2      | Reached XP level 2. HP: 7/24 MP: 2/2
   222 | D:2      | Reached skill level 1 in Evocations
   222 | D:2      | Reached skill level 1 in Shapeshifting
   255 | D:2      | Gained mutation: You have a small tail. [demonic ancestry]
   255 | D:2      | Reached XP level 3. HP: 27/29 MP: 3/3
   804 | D:3      | Gained mutation: Spells you cast may paralyse adjacent
                  | enemies. [demonic ancestry]
   804 | D:3      | Reached XP level 4. HP: 35/35 MP: 4/4
   804 | D:3      | Quit the game

Illustrated notes

Levels and vault maps discovered:
D:1:      tarquinn_simple_flora_water_e, layout_basic, minmay_statues_item
D:2:      layout_rooms
D:3:      layout_loops_ring

Skill      XL: |  1  2  3 |
---------------+----------+-----
Evocations     | 1 2 |  2.0
Shapeshifting  | 1 |  1.6
Unarmed Combat | 3 |  3.0
Dodging        | 3 |  3.0
Fighting       | |  3.0

Action                     |  1- 3 |  4- 6 || total
---------------------------+-------+-------++-------
  Melee: Unarmed           |    15 |       ||    15
         Hand axe          |    56 |       ||    56
         Tailslap          |     4 |       ||     4
    Use: Scroll            |     3 |       ||     3
 Armour: Robe              |    30 |       ||    30
  Dodge: Dodged            |    70 |       ||    70
